 Dungeon Crawl Stone Soup version 0.19.1-1-g22dce08 (webtiles) character file.

4565 sveltemanboy the Destroyer (level 10, -20/73 HPs)
             Began as a Pale Draconian Conjurer on Jan 3, 2017.
             Was a Follower of Vehumet.
             Killed from afar by Erica (32 damage)
             ... with an orb of energy
             ... on level 9 of the Dungeon.
             The game lasted 00:29:20 (11756 turns).

sveltemanboy the Destroyer (DrCj)                  Turns: 11756, Time: 00:29:21

Health: -20/73     AC: 10    Str: 11    XL:     10   Next: 18%
Magic:  1/13       EV: 13    Int: 19    God:    Vehumet [*.....]
Gold:   629        SH:  5    Dex: 11    Spells: 4 memorised, 1 level left

rFire  . . .     SeeInvis .     e - +3 hand axe (venom)
rCold  . . .     Gourm    .     (armour unavailable)
rNeg   . . .     Faith    .     (no shield)
rPois  .         Spirit   .     (helmet restricted)
rElec  .         Reflect  +     r - +0 cloak
rCorr  .         Harm     .     C - +0 pair of gloves
MR     +....                    z - +0 pair of boots
Stlth  ++........               i - +5 amulet of reflection
                                (no ring)
                                A - ring of protection from magic

@: lethally poisoned (-20 -> -26)
A: breathe steam, unfitting armour, cold-blooded, AC +7
a: Breathe Steam, Renounce Religion


You were on level 9 of the Dungeon.
You worshipped Vehumet.
Vehumet was aware of your devotion.
You were very hungry.

You visited 2 branches of the dungeon, and saw 10 of its levels.

You collected 629 gold pieces.

Inventory:

Hand Weapons
 e - a +3 hand axe of venom (weapon)
Missiles
 q - 2 throwing nets (quivered)
Armour
 r - a +0 cloak (worn)
 z - a +0 pair of boots (worn)
 C - a +0 pair of gloves (worn)
Jewellery
 i - a +5 amulet of reflection (around neck)
 A - a ring of protection from magic (left hand)
 E - an uncursed ring of ice
Wands
 h - a wand of iceblast (8/15)
 k - a wand of paralysis (5/24)
 n - a wand of iceblast (4/15)
 s - a wand of paralysis (17/24)
Scrolls
 d - 2 scrolls of remove curse
 o - 2 scrolls of magic mapping {unknown}
 v - a scroll of fog {unknown}
 x - 2 scrolls of immolation {unknown}
 y - 2 scrolls of teleportation
 D - a scroll of enchant weapon {unknown}
 G - a scroll of random uselessness {unknown}
Potions
 f - 2 potions of mutation {unknown}
 g - a potion of agility
 l - a potion of might
 m - a potion of brilliance {unknown}
 p - a potion of haste
 w - 4 potions of curing
 B - 2 potions of berserk rage {unknown}
Books
 a - a book of Conjurations

   Spells                             Type                      Level
   a - Magic Dart                     Conjuration                  1
   b - Searing Ray                    Conjuration                  2
   c - Dazzling Spray                 Conjuration/Hexes            3
   d - Fulminant Prism                Conjuration/Hexes            4
   e - Iskenderun's Mystic Blast      Conjuration                  4
   f - Iskenderun's Battlesphere      Conjuration/Charms           5
Comestibles
 b - 8 bread rations
 c - 4 meat rations
 j - 10 beef jerkies
 t - 16 fruits
 u - a slice of pizza
 F - a royal jelly


   Skills:
 - Level 2.2 Fighting
 - Level 4.0 Dodging
 - Level 1.7 Stealth
 - Level 2.0 Spellcasting
 + Level 13.1 Conjurations
 - Level 3.0 Charms
 + Level 4.5 Evocations


You had one spell level left.
You knew the following spells:

 Your Spells              Type           Power        Failure   Level  Hunger
a - Magic Dart            Conj           ####         1%          1    #......
b - Searing Ray           Conj           ######       1%          2    ###....
c - Iskenderun's Mystic   Conj           ######..     1%          4    #####..
d - Iskenderun's Battles  Conj/Chrm      ####....     17%         5    ######.


Dungeon Overview and Level Annotations

Branches:
Dungeon (9/15)             Temple (1/1) D:7
   Lair: D:8-11         Orc: D:9-12

Altars:
Ashenzari
Cheibriados
Dithmenos
Elyvilon
Fedhas
Gozag
Hepliaklqana
Kikubaaqudgha
Makhleb
Okawaru
Qazlal
Sif Muna
Trog
Vehumet
Xom
The Shining One

Annotations:
D:9 Erica


Innate Abilities, Weirdness & Mutations

You can breathe blasts of scalding, opaque steam.
Your pale cyan-grey scales are hard. (AC +7)
You cannot fit into any form of body armour.
You are cold-blooded and may be slowed by cold attacks.


Message History

Erica is heavily wounded.
You feel sick. Erica gestures at you while chanting.
The orb of energy hits you!
* * * LOW HITPOINT WARNING * * *
The orb of energy explodes!
The searing ray hits Erica.
Erica is severely wounded.
You feel sick.
Erica screams, "Coming here was suicide!
For you!" Erica casts a spell at you. You resist with almost no effort.
The searing ray hits Erica.
Erica is severely wounded.
You feel sick.
The searing ray misses Erica.
You finish channeling your searing ray.
You feel sick. Erica casts a spell at you. The orb of energy hits you!
You die...

..... ... ##.#
#..#
#########.##
#......##@#
##.........###
#............#
##.........@..#
#.............#
#............##
#............#
#..<........##
##...........#
#...........##
#...........#
#####......##


You could see Erica.

Vanquished Creatures
  Pikel (D:6)
  2 hippogriffs
  A wyvern (D:5)
  The ghost of Exporg the Chopper, an amateur MiBe of Trog (D:4)
  2 ice beasts
  An orc warrior (D:7)
  4 sky beasts
  A phantom (D:5)
  7 ogres
  2 centaurs
  4 big kobolds (D:3)
  4 bullfrogs
  3 scorpions
  A wyvern skeleton (D:8)
  A wight (D:8)
  2 howler monkeys
  A vampire bat (D:3)
  5 crimson imps
  3 hounds
  A bullfrog skeleton (D:4)
  A bullfrog zombie (D:8)
  2 orc priests (D:6)
  3 orc wizards
  8 worker ants
  An iguana (D:5)
  A worker ant zombie (D:5)
  4 adders
  10 gnolls
  2 shadow imps (D:7)
  An adder zombie (D:6)
  An ooze (D:6)
  2 adder skeletons
  4 worms
  4 dart slugs
  3 fire bats (D:3)
  2 leopard geckos
  19 orcs
  2 spectral bats (D:3)
  19 bats
  3 bat skeletons (D:3)
  A bat zombie (D:3)
  3 giant cockroaches
  32 goblins
  27 hobgoblins
  8 jackals
  6 quokkas
  A ball python (D:4)
  A bat simulacrum (D:3)
  4 frilled lizards
  8 kobolds
  A leopard gecko zombie (D:6)
  4 rats
235 creatures vanquished.

Notes
Turn   | Place    | Note
-------+----------+-------------------------------------------
     0 | D:1      | sveltemanboy the Draconian Conjurer began the quest for the Orb.
     0 | D:1      | Reached XP level 1. HP: 14/14 MP: 3/3
   312 | D:1      | Reached XP level 2. HP: 20/20 MP: 0/5
   369 | D:1      | Learned a level 2 spell: Searing Ray
   399 | D:1      | Found a shattered altar of Ashenzari.
   970 | D:1      | Reached skill level 5 in Conjurations
   974 | D:1      | Reached XP level 3. HP: 26/26 MP: 0/6
  2102 | D:3      | Reached XP level 4. HP: 33/33 MP: 7/7
  2129 | D:3      | Learned a level 4 spell: Iskenderun's Mystic Blast
  2179 | D:3      | Reached skill level 6 in Conjurations
  2224 | D:3      | Reached XP level 5. HP: 31/38 MP: 5/8
  2593 | D:3      | Found a faded altar of an unknown god.
  2988 | D:3      | Reached skill level 7 in Conjurations
  3456 | D:3      | Reached XP level 6. HP: 45/45 MP: 0/9
  4029 | D:3      | Reached skill level 8 in Conjurations
  4183 | D:3      | Your scales start taking on a pale cyan-grey colour.
  4183 | D:3      | Reached XP level 7. HP: 36/50 MP: 0/10
  4580 | D:4      | Noticed Exporg's ghost (amateur MiBe)
  4700 | D:4      | Reached skill level 9 in Conjurations
  4722 | D:4      | Found an opulent altar of Gozag.
  4878 | D:4      | Killed Exporg's ghost
  5461 | D:5      | Entered Level 5 of the Dungeon
  5592 | D:5      | Reached skill level 10 in Conjurations
  5737 | D:5      | Reached XP level 8. HP: 57/57 MP: 6/11
  6221 | D:5      | Reached skill level 11 in Conjurations
  7100 | D:5      | Gained mutation: Your magical capacity is low. (-10% MP) [mutagenic meat]
  7101 | D:5      | Gained mutation: You passively map a small area around you. [mutagenic meat]
  7102 | D:5      | Gained mutation: Your magical capacity is very low. (-20% MP) [mutagenic meat]
  7137 | D:5      | Lost mutation: Your magical capacity is very low. (-20% MP) [potion of cure mutation]
  7137 | D:5      | Lost mutation: Your magical capacity is low. (-10% MP) [potion of cure mutation]
  7137 | D:5      | Lost mutation: You passively map a small area around you. [potion of cure mutation]
  7672 | D:6      | Reached skill level 12 in Conjurations
  7993 | D:6      | Noticed Pikel
  8023 | D:6      | Killed Pikel
  8023 | D:6      | Reached XP level 9. HP: 67/67 MP: 1/12
  8107 | D:6      | Learned a level 5 spell: Iskenderun's Battlesphere
  8465 | D:6      | Reached skill level 1 in Charms
  9356 | D:7      | Found a glowing golden altar of the Shining One.
  9472 | D:7      | Reached skill level 1 in Evocations
  9670 | D:7      | Found a staircase to the Ecumenical Temple.
  9679 | Temple   | Entered the Ecumenical Temple
  9688 | Temple   | Became a worshipper of Vehumet
 10702 | D:8      | Reached XP level 10. HP: 73/73 MP: 5/13
 10774 | D:8      | Found a stormy altar of Qazlal.
 10848 | D:8      | Reached skill level 13 in Conjurations
 11238 | D:8      | Reached * piety under Vehumet
 11238 | D:8      | Offered knowledge of Freeze by Vehumet.
 11239 | D:8      | Found a white marble altar of Elyvilon.
 11744 | D:9      | Noticed Erica
 11756 | D:9      | Killed from afar by Erica

Skill      XL: |  1  2  3  4  5  6  7  8  9 10 |
---------------+-------------------------------+-----
Conjurations   | 5 6 7 8 10 12 13 | 13.1
Fighting       | 2 |  2.2
Dodging        | 2 4 |  4.0
Charms         | 2 3 |  3.0
Evocations     | 3 4 |  4.5
Stealth        | |  1.7
Spellcasting   | |  2.0

Action                   |  1- 3 |  4- 6 |  7- 9 | 10-12 || total
-------------------------+-------+-------+-------+-------++-------
Melee: Unarmed           |    10 |       |       |       ||    10
       Tailslap          |    10 |    17 |    18 |     3 ||    48
       Dagger            |    70 |   198 |   112 |       ||   380
       Hand axe          |       |       |    99 |    23 ||   122
 Cast: Magic Dart        |    31 |    81 |   147 |    21 ||   280
       Searing Ray       |     4 |     5 |    29 |     6 ||    44
       Iskenderun's Myst |       |     3 |    11 |     1 ||    15
 Abil: Breathe Steam     |       |       |     1 |       ||     1
  Use: Potion            |       |       |     9 |       ||     9
       Scroll            |       |       |     4 |       ||     4
 Stab: Sleeping          |     1 |     2 |     1 |     1 ||     5
  Eat: Chunk             |     4 |     9 |    30 |     3 ||    46
Armor: Skin              |    22 |    90 |    72 |    19 ||   203
Dodge: Dodged            |    59 |   187 |   137 |    15 ||   398
Block: Other             |    22 |    70 |    50 |     2 ||   144
       Reflection        |       |       |     1 |       ||     1
